 Dungeon Crawl Stone Soup version 0.21-a0-278-ga722497 (webtiles) character file.

9746 vishdafish the Slicer (level 11, -6/94 HPs)
             Began as a Demonspawn Fighter on Sept 21, 2017.
             Was a Follower of Nemelex Xobeh.
             Mangled by a cyan ugly thing (15 damage)
             ... on level 11 of the Dungeon.
             The game lasted 00:26:56 (11541 turns).

vishdafish the Slicer (Demonspawn Fighter)         Turns: 11541, Time: 00:26:57

Health: -6/94      AC: 13    Str: 19    XL:     11   Next: 27%
Magic:  0/12       EV: 11    Int:  9    God:    Nemelex Xobeh [*.....]
Gold:   525        SH: 10    Dex: 12    Spells: 10/10 levels left

rFire    + . .     SeeInvis .   A - +2 short sword (venom)
rCold    . . .     Gourm    .   c - +0 shield
rNeg     . . .     Faith    .   b - +0 scale mail
rPois    .         Spirit   +   (helmet restricted)
rElec    .         Reflect  .   N - scarf {cloud immunity}
rCorr    .         Harm     .   F - +2 pair of gloves
MR       .....                  (no boots)
Stlth    ..........             R - amulet of rage
HPRegen  0.25/turn              (no ring)
MPRegen  0.13/turn              (no ring)

@: no status effects
A: antennae 1, claws 2, iridescent scales 1, fire resistance 1, robust 1, spiny
2, weak 1, magic shield
a: Renounce Religion, Evoke Berserk Rage


You were on level 11 of the Dungeon.
You worshipped Nemelex Xobeh.
Nemelex Xobeh was aware of your devotion.
You were hungry.

You visited 2 branches of the dungeon, and saw 12 of its levels.

You collected 525 gold pieces.

Inventory:

Hand Weapons
 a - a +0 rapier
 j - a +4 dagger of venom
 A - a +2 short sword of venom (weapon)
 C - a +3 scimitar of flaming
Missiles
 r - 4 javelins (quivered)
 v - a silver tomahawk
Armour
 b - a +0 scale mail (worn)
 c - a +0 shield (worn)
 F - a +2 pair of gloves (worn)
 N - a scarf of cloud immunity (worn)
Jewellery
 R - an amulet of rage (around neck)
Wands
 w - a wand of flame (16/48)
 H - a wand of disintegration (4/24)
 O - a wand of confusion (5/48)
 S - a wand of scattershot (4/9)
Scrolls
 i - 2 scrolls of noise {unknown}
 l - 2 scrolls of teleportation
 o - a scroll of blinking {unknown}
 p - 2 scrolls of fear {unknown}
 q - 6 scrolls of remove curse {unknown}
 u - 2 scrolls of magic mapping {unknown}
 x - a scroll of fog {unknown}
 y - 4 scrolls of recharging
 D - 5 scrolls of amnesia
 E - a scroll of immolation {unknown}
 J - a scroll of enchant weapon {unknown}
 K - 2 scrolls of random uselessness {unknown}
Potions
 e - a potion of curing
 g - 3 potions of agility
 h - 3 potions of flight
 k - 5 potions of mutation
 n - 2 potions of brilliance {unknown}
 s - a potion of heal wounds {unknown}
 B - a potion of magic {unknown}
 G - a potion of haste {unknown}
 I - a potion of might
 M - a potion of resistance
Books
 d - a book of Minor Magic

   Spells                             Type                      Level
   a - Magic Dart                     Conjuration                  1
   b - Blink                          Translocation                2
   c - Call Imp                       Summoning                    2
   d - Slow                           Hexes                        2
   e - Conjure Flame                  Conjuration/Fire             3
   f - Mephitic Cloud                 Conjuration/Poison/Air       3
 P - a book of Changes

   Spells                             Type                      Level
   a - Beastly Appendage              Transmutation                1
   b - Sticks to Snakes               Transmutation                2
   c - Spider Form                    Transmutation/Poison         3
   d - Ice Form                       Ice/Transmutation            4
   e - Blade Hands                    Transmutation                5
Miscellaneous
 Q - a plain deck of summoning {drawn: 2}
Comestibles
 f - 10 bread rations
 m - 5 meat rations
 t - 3 royal jellies
 z - 2 fruits
 T - a chunk of flesh


   Skills:
 + Level 8.2 Fighting
 * Level 10.0 Short Blades
 + Level 7.3 Armour
 * Level 6.2 Dodging
 - Level 6.0 Shields
 * Level 1.0 Invocations
 * Level 2.0 Evocations


You had 10 spell levels left.
You didn't know any spells.

Dungeon Overview and Level Annotations

Branches:
Dungeon (11/15)            Temple (1/1) D:5            Lair (0/6) D:11
    Orc (0/2) D:10

Altars:
Ashenzari
Cheibriados
Dithmenos
Elyvilon
Fedhas
Gozag
Hepliaklqana
Kikubaaqudgha
Makhleb
Nemelex Xobeh
Okawaru
Qazlal
Ru
Sif Muna
Trog
Uskayaw
Vehumet
Wu Jian
Xom
Yredelemnul
Zin
The Shining One

Shops:
D:10 (

Annotations:
D:5 tidbits's ghost, amateur DgWn
D:11 exclusion: 2 oklob plants


Innate Abilities, Weirdness & Mutations

You have very sharp fingernails.
You are partially covered in iridescent scales. (AC +2)
You are mostly covered in sharp spines.
When hurt, damage is shared between your health and your magic reserves.
You have a pair of small antennae on your head.
Your flesh is heat resistant. (rF+)
You are robust. (+10% HP)
You are weak. (Str -2)


Message History

Aim: a cyan ugly thing (severely wounded, entangled in a net) Attack!
The troll looks more healthy.
The troll bites your hell hound!
Your hell hound dies!
Your hell hound's corpse disappears in a puff of smoke!
The cyan ugly thing struggles against the net.
Unknown command.
Unknown command.
The cyan ugly thing struggles against the net.
The net rips apart, and the cyan ugly thing comes free!
There is an open door here.
There is a stone staircase leading up here.
Evoke which item? (* to show all) (? for menu, Esc to quit)
Okay, then.
Evoke which item? (* to show all) (? for menu, Esc to quit)
You draw a card...
It is the Dance.
You block the cyan ugly thing's attack. The cyan ugly thing tentacle-slaps you.
* * * LOW HITPOINT WARNING * * *
The cyan ugly thing shocks you!
You die...
Your body disappears without a glow.

.......))........).......
.......).........).......
########......###).....##
#.....'......###......##
######.....#.................
..............................
......###.....................
.#.#...≈...#(.................
##..#...#..#@...T............
#.##P.P##[#PP.≈#
.............#. #...PPP...#
###..........#. #.##PPP#
...........#.#.
...........#.#.
.............#.
.............#.


You could see a cyan ugly thing, a troll and a friendly trident of flaming.

Vanquished Creatures
  Erica (D:9)
  2 two-headed ogres (D:9)
  The ghost of vishdafish the Poker, a novice DsFi of Nemelex Xobeh (D:6)
  Joseph (D:7)
  A troll (D:11)
  2 hippogriffs
  A steam dragon (D:9)
  The ghost of Gruesome the Skirmisher, an amateur OpFi (D:4)
  3 vampire mosquitoes (D:9)
  Menkaure (D:7)
  A hungry ghost (D:10)
  A water moccasin (D:6)
  Duvessa (D:7)
  3 orc warriors
  A sky beast (D:6)
  5 ice beasts
  2 necrophages
  2 phantoms
  7 ogres
  2 centaurs
  A big kobold (D:7)
  5 bullfrogs
  Dowan (D:7)
  9 killer bees (D:10)
  3 scorpions
  3 wights (D:7)
  8 howler monkeys
  3 bullfrog zombies
  2 crimson imps
  2 centaur zombies
  8 hounds
  2 orc priests
  2 jellies
  3 centaur skeletons
  A gnoll shaman (D:8)
  2 bullfrog skeletons
  Ijyb (D:3)
  7 iguanas
  7 orc wizards
  5 worker ants
  2 hound zombies
  2 hound skeletons
  A worker ant zombie (D:10)
  10 gnolls
  14 adders
  2 howler monkey skeletons
  6 shadow imps
  An ooze (D:2)
  3 adder skeletons
  A worm (D:4)
  2 dart slugs
  10 leopard geckos
  43 orcs
  3 ball pythons
  6 giant cockroaches
  9 goblins
  5 hobgoblins (D:1)
  6 jackals
  7 bats
  5 frilled lizards
  A giant cockroach zombie (D:4)
  A jackal skeleton (D:4)
  A jackal zombie (D:4)
  8 kobolds
  7 rats
270 creatures vanquished.

Vanquished Creatures (others)
  An orc (D:3)
1 creature vanquished.

Grand Total: 271 creatures vanquished

Notes
Turn   | Place    | Note
-------+----------+-------------------------------------------
     0 | D:1      | vishdafish the Demonspawn Fighter began the quest for the Orb.
     0 | D:1      | Reached XP level 1. HP: 18/18 MP: 1/1
    65 | D:1      | Gained mutation: You have sharp fingernails. [demonic ancestry]
    65 | D:1      | Reached XP level 2. HP: 8/24 MP: 2/2
   363 | D:1      | Reached skill level 2 in Short Blades
  1108 | D:2      | Reached XP level 3. HP: 25/29 MP: 3/3
  1471 | D:2      | Found a faded altar of an unknown god.
  1644 | D:3      | Gained mutation: You are partially covered in sharp spines. [demonic ancestry]
  1644 | D:3      | Reached XP level 4. HP: 28/35 MP: 4/4
  1895 | D:3      | Reached skill level 3 in Short Blades
  2079 | D:3      | Noticed Ijyb
  2087 | D:3      | Killed Ijyb
  2087 | D:3      | Reached XP level 5. HP: 24/42 MP: 5/5
  2500 | D:4      | Noticed Gruesome's ghost (amateur OpFi)
  2700 | D:3      | Reached XP level 6. HP: 19/48 MP: 6/6
  2994 | D:4      | Reached skill level 4 in Short Blades
  3312 | D:4      | Killed Gruesome's ghost
  3312 | D:4      | Gained mutation: When hurt, damage is shared between your health and your magic reserves. [demonic ancestry]
  3312 | D:4      | Reached XP level 7. HP: 36/55 MP: 7/7
  3400 | D:4      | Reached skill level 5 in Short Blades
  3930 | D:5      | Entered Level 5 of the Dungeon
  3950 | D:5      | Found a staircase to the Ecumenical Temple.
  3976 | Temple   | Entered the Ecumenical Temple
  4170 | D:5      | Reached skill level 5 in Fighting
  4192 | D:5      | Gained mutation: You are partially covered in iridescent scales. (AC +2) [demonic ancestry]
  4192 | D:5      | Reached XP level 8. HP: 62/62 MP: 8/8
  4262 | D:5      | Reached skill level 6 in Short Blades
  4280 | D:5      | Noticed tidbits's ghost (amateur DgWn)
  5114 | D:5      | Reached skill level 5 in Shields
  5564 | D:6      | Noticed vishdafish's ghost (novice DsFi)
  5611 | D:6      | Killed vishdafish's ghost
  5611 | D:6      | Reached skill level 7 in Short Blades
  5611 | D:6      | Reached skill level 5 in Armour
  5891 | D:6      | Gained mutation: You are weak. (Str -2) [mutagenic meat]
  5892 | D:6      | Gained mutation: You have a pair of small antennae on your head. [mutagenic meat]
  5893 | D:6      | Gained mutation: Your flesh is heat resistant. (rF+) [mutagenic meat]
  5894 | D:6      | Gained mutation: You are robust. (+10% HP) [mutagenic meat]
  5910 | D:6      | Gained mutation: You have very sharp fingernails. [demonic ancestry]
  5910 | D:6      | Reached XP level 9. HP: 60/75 MP: 9/9
  6763 | D:6      | Found an iron altar of Okawaru.
  6920 | D:6      | Reached skill level 8 in Short Blades
  6974 | D:6      | Reached skill level 1 in Dodging
  7504 | D:7      | Noticed Joseph
  7528 | D:7      | Killed Joseph
  7766 | D:7      | Noticed Duvessa
  7926 | D:7      | Found an ornate altar of the Wu Jian Council.
  7960 | D:7      | Noticed Dowan
  7971 | D:7      | Killed Duvessa
  7979 | D:7      | Killed Dowan
  8042 | D:7      | Gained mutation: You are mostly covered in sharp spines. [demonic ancestry]
  8042 | D:7      | Reached XP level 10. HP: 76/86 MP: 7/10
  8160 | D:7      | Found a shimmering altar of Xom.
  8165 | D:7      | Found a shimmering altar of Xom.
  8166 | D:7      | Found a shimmering altar of Xom.
  8166 | D:7      | Found a shimmering altar of Xom.
  8168 | D:7      | Found a shimmering altar of Xom.
  8168 | D:7      | Found a shimmering altar of Xom.
  8168 | D:7      | Found a shimmering altar of Xom.
  8215 | D:7      | Noticed Menkaure
  8227 | D:7      | Killed Menkaure
  8449 | D:7      | Found a glowing golden altar of the Shining One.
  8449 | D:7      | Found a bloodstained altar of Trog.
  8454 | D:7      | Found a shadowy altar of Dithmenos.
  8456 | D:7      | Found an opulent altar of Gozag.
  8458 | D:7      | Found a white marble altar of Elyvilon.
  9075 | D:8      | Reached skill level 9 in Short Blades
  9364 | D:9      | Found a sparkling altar of Nemelex Xobeh.
  9365 | D:9      | Noticed Erica
  9835 | D:9      | Noticed a two-headed ogre
  9849 | D:9      | Killed a two-headed ogre
  9895 | D:9      | Reached skill level 5 in Dodging
  9925 | D:9      | Noticed a two-headed ogre
  9947 | D:9      | Killed a two-headed ogre
 10256 | D:9      | Became a worshipper of Nemelex Xobeh the Trickster
 10286 | D:9      | Killed Erica
 10286 | D:9      | Reached XP level 11. HP: 19/94 MP: 2/11
 10641 | D:10     | Entered Level 10 of the Dungeon
 10748 | D:10     | Found Sesaak's Weapon Shoppe.
 10771 | D:10     | Reached skill level 1 in Evocations
 10810 | D:10     | Found a staircase to the Orcish Mines.
 10866 | D:10     | Reached skill level 10 in Short Blades
 11098 | D:10     | Received a gift from Nemelex Xobeh
 11361 | D:11     | Found a staircase to the Lair.
 11361 | D:11     | Noticed an oklob plant
 11361 | D:11     | Noticed an oklob plant
 11367 | D:11     | Reached * piety under Nemelex Xobeh
 11487 | D:11     | Noticed a cyan ugly thing
 11507 | D:11     | Reached skill level 1 in Invocations
 11515 | D:11     | HP: 2/94 [cyan ugly thing (12)]
 11541 | D:11     | Mangled by a cyan ugly thing

Vault maps used:
D:1:      dpeg_arrival_stonehenge_8_columns, minmay_close_crescents
D:2:      chequers_ecumenical_altar_simple, minmay_octomino_c4
D:3:      uniq_ijyb
D:4:      serial_undead, serial_undead_c, serial_undead_b, serial_undead_d,
          serial_undead_e, minmay_checkerbox
D:5:      temple_fountains, first_bread
D:6:      kennysheep_okawaru_gauntlet
D:7:      kennysheep_mini_moat, chequers_temple_overflow_minitemple,
          grunt_ogre_cave, minmay_misc_feat_ornament, xom_redecorated,
          uniq_menkaure, uniq_duvessa, uniq_joseph
D:8:      hangedman_decor_clover_reticule, feat_on_display
D:9:      lemuel_round_altar, corexii_leaking_fountain, uniq_erica
D:10:     orc_0_dummy, serial_shops, nicolae_shop_window_shopping
D:11:     dpeg_oklobed_lair, minmay_radiant, uniq_sonja, uniq_gastronok,
          uniq_urug
Temple:   zaba_magenta_temple

Skill      XL: |  1  2  3  4  5  6  7  8  9 10 11 |
---------------+----------------------------------+-----
Short Blades   | 2 3 4 5 7 8 9 10 | 10.0
Armour         | 3 4 5 6 7 |  7.3
Shields        | 3 4 5 6 |  6.0
Fighting       | 4 5 6 7 8 |  8.2
Dodging        | 2 5 6 |  6.2
Evocations     | 2 |  2.0
Invocations    | 1 |  1.0

Action                   |  1- 3 |  4- 6 |  7- 9 | 10-12 || total
-------------------------+-------+-------+-------+-------++-------
Melee: Rapier            |    54 |       |       |       ||    54
       Dagger            |    63 |    85 |       |       ||   148
       Short sword       |       |    74 |   433 |   381 ||   888
Throw: Tomahawk          |       |     2 |     5 |       ||     7
       Javelin           |       |       |    16 |     1 ||    17
       Throwing net      |       |       |       |     1 ||     1
Evoke: Wand              |       |       |       |    14 ||    14
       Deck              |       |       |       |     2 ||     2
  Use: Potion            |       |     1 |       |     3 ||     4
       Scroll            |       |       |     7 |     3 ||    10
  Eat: Chunk             |     1 |     3 |    16 |    11 ||    31
       Bread ration      |       |     1 |     1 |       ||     2
       Meat ration       |       |       |       |     1 ||     1
Armor: Scale mail        |    48 |    64 |   117 |    96 ||   325
Dodge: Dodged            |    38 |    39 |    68 |    89 ||   234
Block: Shield            |    57 |    91 |   153 |   151 ||   452

Table legend:
 A = Spawn XP
 B = Non-spawn XP
 C = Spawn XP percentage of total XP
 D = Spawn monster count
 E = Non-spawn monster count
 F = Spawn count percentage of total count
 G = Total turns spent on level
                    A         B        C        D         E        F      G
               +---------+---------+-------+---------+---------+-------+---------
         Total |       0 |   13923 |   0.0 |       0 |     270 |   0.0 | 11541
               +---------+---------+-------+---------+---------+-------+---------
           D:1 |       0 |      39 |   0.0 |       0 |      22 |   0.0 |  1085
           D:2 |       0 |      55 |   0.0 |       0 |      17 |   0.0 |   532
           D:3 |       0 |     191 |   0.0 |       0 |      30 |   0.0 |  1237
           D:4 |       0 |     924 |   0.0 |       0 |      40 |   0.0 |  1395
           D:5 |       0 |     818 |   0.0 |       0 |      23 |   0.0 |  1212
           D:6 |       0 |    2293 |   0.0 |       0 |      35 |   0.0 |  1925
           D:7 |       0 |    1978 |   0.0 |       0 |      30 |   0.0 |  1230
           D:8 |       0 |     635 |   0.0 |       0 |      14 |   0.0 |   614
           D:9 |       0 |    4206 |   0.0 |       0 |      24 |   0.0 |  1308
          D:10 |       0 |    2104 |   0.0 |       0 |      24 |   0.0 |   718
          D:11 |       0 |     680 |   0.0 |       0 |      11 |   0.0 |   182
               +---------+---------+-------+---------+---------+-------+---------
